Map: Acropolis LE

Players

TurkeyDano

  • Race: Protoss Protoss
  • League: Grandmaster
  • Spawn Location: 5:00

RiSky - Winner!

  • Race: Zerg Zerg
  • Spawn Location: 11:00

Event: NationWars 2019

VOD

Have the link to the VOD?

Description

Time

  • Played on: Oct. 12, 2019, 2:55 p.m.
  • Length: 10:56
Show
View Real Time Build Order
Export as new Build Order

TurkeyDano Protoss 

Build Orders: Cannon Rush 

Get SALT Encoding   

  12  0:00  Probe  
  13  0:12  Probe  
  14  0:17  Pylon  
  14  0:25  Probe (Chrono Boost)  
  16  0:37  Probe (Chrono Boost)  
  16  0:38  Forge  
  16  0:42  Probe (Chrono Boost)  
  17  0:50  Pylon  
  17  0:57  Probe  
  19  1:11  Photon Cannon  
  19  1:14  Gateway  
  18  1:20  Photon Cannon  
  18  1:21  Probe  
  19  1:26  Assimilator  
  19  1:34  Probe  
  19  1:36  Assimilator  
  20  1:46  Probe  
  21  1:57  Photon Cannon  
  21  1:58  Probe  
  22  2:05  Cybernetics Core  
  22  2:07  Assimilator  
  22  2:13  Pylon  
  22  2:33  Photon Cannon  
  22  2:38  Stalker (Chrono Boost)  
  22  2:43  Shield Battery  
  24  2:47  Shield Battery  
  24  2:52  Robotics Facility  
  24  3:02  Stalker (Chrono Boost)  
  26  3:10  Shield Battery  
  26  3:24  Stalker  
  28  3:32  Shield Battery  
  28  3:42  Immortal (Chrono Boost), Shield Battery  
  31  4:12  Pylon  
  31  4:21  Pylon  
  31  4:30  Probe  
  32  4:39  Photon Cannon, Cybernetics Core  
  32  4:45  Immortal (Chrono Boost)  
  36  5:08  Shield Battery  
  36  5:17  Warp Prism  
  36  5:18  Shield Battery  
  38  5:24  Shield Battery  
  38  5:32  Photon Cannon  
  38  5:40  Photon Cannon  
  36  6:00  Immortal  
  40  6:11  Shield Battery  
  40  6:13  Shield Battery  
  40  6:24  Robotics Bay  
  40  6:28  Shield Battery  
  40  6:55  Shield Battery  
  40  6:57  Shield Battery  
  40  6:59  Photon Cannon  
  38  7:17  Disruptor (Chrono Boost)  
  38  7:19  Shield Battery  
  41  7:28  Pylon  
  41  7:35  Photon Cannon  
  41  7:43  Pylon  
  41  7:48  Pylon  
  41  7:55  Pylon, Immortal (Chrono Boost)  
  45  8:21  Shield Battery  
  45  8:23  Shield Battery  
  36  8:34  Disruptor (Chrono Boost)  
  39  8:42  Photon Cannon, Shield Battery  
  39  8:46  Probe  
  40  8:56  Shield Battery  
  40  9:13  Photon Cannon  
  40  9:16  Shield Battery  
  40  9:23  Disruptor  
  43  9:51  Nexus  
  43  9:58  Disruptor  
Show
View Real Time Build Order
Export as new Build Order

RiSky Zerg - Winner!

Build Orders: Pool First 

Get SALT Encoding   

  12  0:00  Drone  
  13  0:12  Overlord  
  13  0:16  Drone  
  14  0:30  Drone x2  
  16  0:36  Drone  
  17  0:43  Extractor  
  17  0:45  Drone  
  17  0:51  Spawning Pool  
  17  0:55  Drone  
  17  1:09  Drone  
  18  1:23  Overlord  
  18  1:29  Drone  
  19  1:38  Queen  
  21  1:41  Roach Warren  
  20  1:51  Zergling x2  
  21  1:57  Hatchery  
  20  2:03  Drone  
  21  2:16  Overlord  
  21  2:21  Roach  
  21  2:22  Roach  
  25  2:32  Roach  
  27  2:37  Queen  
  27  2:42  Ravager x2  
  31  2:49  Roach  
  33  2:53  Roach  
  35  3:02  Overlord  
  35  3:16  Drone x2  
  37  3:21  Ravager  
  38  3:27  Queen  
  38  3:33  Extractor  
  39  3:40  Roach x2  
  43  3:48  Overlord  
  45  3:55  Roach  
  44  4:06  Roach  
  44  4:07  Roach  
  48  4:13  Roach  
  48  4:17  Roach  
  52  4:27  Zergling x4  
  50  4:33  Metabolic Boost  
  50  4:35  Drone  
  50  4:38  Drone  
  52  4:40  Drone  
  53  4:45  Ravager  
  53  4:48  Zergling x2  
  53  4:52  Zergling x2  
  54  4:54  Zergling x2  
  54  5:00  Ravager  
  54  5:01  Zergling x2  
  54  5:05  Zergling x2  
  53  5:08  Zergling x2  
  53  5:13  Ravager  
  54  5:21  Zergling x4  
  54  5:25  Zergling x4  
  54  5:29  Zergling x2  
  54  5:31  Ravager  
  54  5:33  Zergling x2  
  56  5:37  Zergling x2  
  56  5:41  Overlord  
  57  5:48  Zergling x2  
  56  5:51  Ravager  
  56  5:53  Drone  
  57  5:58  Zergling x4  
  58  6:08  Zergling x6  
  56  6:12  Zergling x2  
  55  6:19  Zergling x6  
  55  6:23  Roach  
  60  6:28  Roach  
  62  6:33  Roach  
  62  6:37  Roach  
  66  6:42  Zergling x2  
  66  6:43  Zergling x2  
  62  6:47  Ravager  
  62  6:49  Ravager  
  62  6:50  Zergling x2  
  62  6:52  Zergling x2  
  62  6:53  Zergling x2  
  66  6:59  Zergling x4  
  67  7:05  Ravager  
  67  7:06  Overlord  
  68  7:13  Zergling x4  
  67  7:16  Zergling x2  
  67  7:19  Overlord  
  68  7:28  Zergling x2  
  68  7:29  Zergling x6  
  69  7:33  Ravager  
  69  7:36  Drone  
  69  7:37  Drone  
  72  7:41  Drone x2  
  70  7:53  Zergling x2  
  70  7:54  Zergling x4  
  73  7:59  Drone x2  
  75  8:07  Drone  
  75  8:08  Drone x2  
  77  8:14  Drone  
  77  8:15  Roach  
  77  8:19  Lair  
  79  8:21  Zergling x4  
  80  8:28  Zergling x2  
  77  8:35  Zergling x4  
  77  8:37  Queen  
  77  8:38  Zergling x4  
  83  8:42  Ravager  
  83  8:43  Overlord  
  84  8:48  Overlord  
  84  8:55  Overlord  
  84  9:03  Zergling x4  
  84  9:09  Zergling x8  
  85  9:18  Zergling x2  
  85  9:22  Roach x2  
  88  9:24  Nydus Network  
  88  9:31  Roach  
  89  9:35  Roach  
  91  9:43  Zergling x8  
  94  9:47  Ravager  
  94  9:51  Overlord  
  96  9:52  Ravager  
  96  9:57  Overlord  
  97  10:00  Zergling x8  
  97  10:06  Roach x2  
  104  10:09  Nydus Canal  
  104  10:12  Zergling x4  
  106  10:16  Zergling x2, Queen  
  108  10:22  Zergling x2  
  108  10:26  Zergling x4  
  108  10:27  Zergling x4  
  113  10:34  Zergling x2  
  113  10:35  Zergling x2  
  111  10:40  Ravager x2  
Tags
 
Add a new tag
Caveats
  • Supply blocks, unpowered buildings, or Contaminate may cause inaccurate times.
  • Supply counts are checked every 10 seconds.